 Dungeon Crawl Stone Soup version 0.23-a0-169-gb21e695 (webtiles) character file.

7467 Michelle the Cleaver (level 10, 0/74 HPs)
             Began as a Demonspawn Fighter on Sept 11, 2018.
             Was a High Priest of Okawaru.
             Slain by a hippogriff (9 damage)
             ... on level 9 of the Dungeon.
             The game lasted 00:08:39 (8451 turns).

Michelle the Cleaver (Demonspawn Fighter)           Turns: 8451, Time: 00:08:40

Health: 0/74       AC: 15    Str: 17    XL:     10   Next: 94%
Magic:  23/23      EV:  9    Int: 10    God:    Okawaru [*****.]
Gold:   524        SH: 11    Dex: 15    Spells: 9/9 levels left

rFire    . . .     SeeInvis .   i - +2 war axe (venom)
rCold    + . .     Gourm    .   c - +1 shield
rNeg     + . .     Faith    .   b - +0 scale mail
rPois    .         Spirit   .   h - +0 helmet
rElec    .         Reflect  .   j - +0 cloak
rCorr    .         Harm     .   A - +0 pair of gloves of Okhlairr {rC+ rN+}
MR       .....                  (no boots)
Stlth    ..........             z - amulet of the acrobat
HPRegen  0.22/turn              I - +3 ring of protection
MPRegen  0.18/turn              u - ring of magical power

@: no status effects
A: hooves 2, thin metallic scales 1, powered by death 1, rot immunity
a: Heroism, Finesse, Renounce Religion


You were on level 9 of the Dungeon.
You worshipped Okawaru.
Okawaru was extremely pleased with you.
You were not hungry.

You visited 2 branches of the dungeon, and saw 10 of its levels.
You also visited: Sewer.

You collected 524 gold pieces.

Inventory:

Hand Weapons
 a - a +1 war axe
 i - a +2 war axe of venom (weapon)
Armour
 b - a +0 scale mail (worn)
 c - a +1 shield (worn)
 h - a +0 helmet (worn)
 j - a +0 cloak (worn)
 A - the +0 pair of gloves of Okhlairr (worn) {rC+ rN+}
   (You found it on level 4 of the Dungeon)

   It protects you from cold.
   It protects you from negative energy.
 K - a +0 troll leather armour
Jewellery
 k - an uncursed ring of resist corrosion
 s - an uncursed ring of fire
 u - a ring of magical power (right hand)
 z - an amulet of the acrobat (around neck)
 I - a +3 ring of protection (left hand)
 J - an uncursed ring of protection from cold {unknown}
Wands
 l - a wand of random effects (38)
 x - a wand of flame (15)
 y - a wand of iceblast (15)
 D - a wand of polymorph (16)
Scrolls
 e - 4 scrolls of fear
 g - 4 scrolls of remove curse
 n - a scroll of noise
 p - 2 scrolls of amnesia
 q - 2 scrolls of teleportation
 v - a scroll of enchant weapon
 C - 3 scrolls of identify
 E - 2 scrolls of magic mapping
 F - 4 scrolls of blinking
Potions
 d - 3 potions of might
 m - 3 potions of heal wounds {unknown}
 o - 4 potions of flight
 r - 2 potions of agility
 t - a potion of magic {unknown}
 w - 4 potions of curing
 B - 5 potions of brilliance
 H - a potion of lignification {unknown}
Comestibles
 f - 13 rations
 G - a chunk of flesh


   Skills:
 + Level 5.4 Fighting
 * Level 12.4 Axes
 + Level 4.8 Armour
 + Level 3.8 Dodging
 + Level 4.8 Shields
 + Level 5.5 Invocations


You had 9 spell levels left.
You didn't know any spells.
Your spell library contained the following spells:

 Spells                   Type           Power        Failure   Level  Hunger
 Freeze                   Ice            #...         99%         1    ##.....
 Magic Dart               Conj           #...         99%         1    ##.....
 Blink                    Tloc           N/A          100%        2    ###....
 Call Imp                 Summ           #.......     100%        2    ###....
 Slow                     Hex            #.......     100%        2    ###....
 Throw Frost              Conj/Ice       #.....       100%        2    ###....
 Conjure Flame            Conj/Fire      #.......     100%        3    ####...
 Mephitic Cloud           Conj/Pois/Air  #.......     100%        3    ####...
 Ozocubu's Armour         Chrm/Ice       #.......     100%        3    ####...
 Summon Ice Beast         Ice/Summ       #.......     100%        4    #####..
 Throw Icicle             Conj/Ice       #.......     100%        4    #####..


Dungeon Overview and Level Annotations

Branches:
Dungeon (9/15)             Temple (1/1) D:5             Orc (0/2) D:9
   Lair: D:8-11

Altars:
Cheibriados
Dithmenos
Elyvilon
Fedhas
Gozag
Hepliaklqana
Kikubaaqudgha
Makhleb
Nemelex Xobeh
Okawaru
Ru
Sif Muna
Trog
Uskayaw
Vehumet
Wu Jian
Xom
Yredelemnul
Zin
The Shining One


Innate Abilities, Weirdness & Mutations

You have hoof-like feet.
You are partially covered in thin metallic scales. (AC +2)
You regenerate a little health from kills.
You are immune to rotting.


Message History

The porcupine bites you.
* * * LOW HITPOINT WARNING * * *
Grum closely misses you.
Unknown command.
You feel better.
The porcupine bites you but does no damage.
The hippogriff barely misses you.
The hippogriff pecks you but does no damage.
The hippogriff barely misses you. You block Grum's attack.
The porcupine closely misses you. The porcupine completely misses you.
There is an open door here.
You see here an arrow.
Okawaru accepts your kill.
You feel a bit more experienced.
You slice the hippogriff!!
The hippogriff looks as sick as possible!
You kick the hippogriff.
The hippogriff is severely wounded.
The hippogriff bites you!
You die...

..........................
..............)........<..
##+#########÷#####.........
#..##..# .#.........
#..#.##.#.......#
#.###..##.......#
#..#..##.##.......#
+.##.#..##Hr...####
##..##.#.@#....# ##.
####.#g>..# .# #..##.().#
.# ##.##.)†.# ##+#######
####.†|.# #..#.#.#..
#......... ..##..##.#
#......... #......#.#
#......... ##.#.#.#.#
#.........


You could see a hippogriff and a porcupine.

Vanquished Creatures
  A centaur warrior (D:9)
  Erica (D:9)
  A cyclops (D:9)
  A gargoyle (D:9)
  A troll (D:9)
  A hornet (D:5)
  A wraith (D:9)
  A hungry ghost (D:8)
  Grum (D:9)
  A water moccasin (D:8)
  3 necrophages (D:7)
  2 orc warriors (D:7)
  4 sky beasts
  A black bear (D:8)
  3 ice beasts (D:8)
  2 ogres
  2 wolves (D:9)
  4 centaurs
  3 big kobolds (Sewer)
  Blork the orc (D:6)
  5 bullfrogs
  A gnoll sergeant (D:6)
  A water moccasin zombie (D:8)
  A scorpion (D:9)
  3 killer bees (D:8)
  3 wights
  4 howler monkeys
  3 crimson imps
  A bullfrog zombie (D:7)
  2 centaur zombies
  12 orc wizards
  A quasit (D:6)
  5 hounds
  2 orc priests
  A bullfrog skeleton (D:2)
  A gnoll shaman (D:4)
  2 jellies
  Crazy Yiuf (D:5)
  A centaur skeleton (D:7)
  Jessica (D:3)
  An iguana (D:8)
  2 worker ants
  A killer bee zombie (D:9)
  3 hound skeletons
  A mummy (D:7)
  12 gnolls
  16 adders
  3 river rats (Sewer)
  2 shadow imps
  3 oozes
  2 adder skeletons
  3 worms
  2 dart slugs (D:1)
  3 leopard geckos
  27 orcs
  3 ball pythons
  5 giant cockroaches
  5 goblins
  2 hobgoblins (D:3)
  10 jackals
  22 kobolds
  4 quokkas
  5 bats
  5 frilled lizards
  A jackal zombie (D:5)
  A leopard gecko skeleton (D:4)
  A quokka skeleton (D:7)
  26 rats
257 creatures vanquished.

Vanquished Creatures (others)
  2 fungi (D:9)
2 creatures vanquished.

Grand Total: 259 creatures vanquished

Notes
Turn   | Place    | Note
-------+----------+-------------------------------------------
     0 | D:1      | Michelle the Demonspawn Fighter began the quest for the
                  | Orb.
     0 | D:1      | Reached XP level 1. HP: 18/18 MP: 1/1
    48 | D:1      | Reached skill level 2 in Axes
   196 | D:1      | Gained mutation: You have large cloven feet. [demonic
                  | ancestry]
   196 | D:1      | Reached XP level 2. HP: 24/24 MP: 2/2
   496 | D:2      | Reached skill level 3 in Axes
   518 | D:2      | Reached XP level 3. HP: 29/29 MP: 3/3
   781 | D:2      | Reached skill level 4 in Axes
   781 | D:2      | Gained mutation: You are partially covered in thin metallic
                  | scales. (AC +2) [demonic ancestry]
   781 | D:2      | Reached XP level 4. HP: 27/35 MP: 4/4
  1067 | D:2      | Found an opulent altar of Gozag.
  1228 | D:3      | Reached XP level 5. HP: 35/41 MP: 5/5
  1256 | D:3      | Reached skill level 5 in Axes
  1522 | D:3      | Noticed Jessica
  1532 | D:3      | Killed Jessica
  1846 | D:3      | Found a deep blue altar of Sif Muna.
  1909 | D:4      | Gained mutation: You are immune to rotting. [demonic
                  | ancestry]
  1909 | D:4      | Reached XP level 6. HP: 37/47 MP: 6/6
  1918 | D:4      | Reached skill level 6 in Axes
  1990 | D:4      | HP: 2/47 [poisoned by a worker ant]
  2609 | D:4      | Reached skill level 7 in Axes
  2611 | D:4      | Reached XP level 7. HP: 47/52 MP: 7/7
  2790 | D:4      | Got a pair of smoking gloves
  2796 | D:4      | Identified the +0 pair of gloves of Okhlairr {rC+ rN+} (You
                  | found it on level 4 of the Dungeon)
  3163 | D:5      | Entered Level 5 of the Dungeon
  3228 | D:5      | Found an ornate altar of the Wu Jian Council.
  3232 | D:5      | Found a staircase to the Ecumenical Temple.
  3245 | Temple   | Entered the Ecumenical Temple
  3491 | Temple   | Became a worshipper of Warmaster Okawaru
  3583 | D:5      | Found a glowing drain.
  3600 | Sewer    | Entered a sewer
  4048 | Sewer    | Reached skill level 8 in Axes
  4202 | D:5      | Noticed a hornet
  4207 | D:5      | Killed a hornet
  4207 | D:5      | Reached * piety under Okawaru
  4207 | D:5      | Reached XP level 8. HP: 47/58 MP: 8/8
  4291 | D:5      | Reached skill level 9 in Axes
  4525 | D:5      | Found a runed door.
  4529 | D:5      | Noticed Crazy Yiuf
  4535 | D:5      | Killed Crazy Yiuf
  5053 | D:6      | Reached skill level 10 in Axes
  5453 | D:6      | Noticed Blork the orc
  5461 | D:6      | Killed Blork the orc
  5597 | D:7      | Reached ** piety under Okawaru
  5635 | D:7      | Gained mutation: You regenerate a little health from kills.
                  | [demonic ancestry]
  5635 | D:7      | Reached XP level 9. HP: 21/63 MP: 9/9
  5676 | D:7      | Reached skill level 11 in Axes
  6404 | D:7      | Reached skill level 1 in Invocations
  6578 | D:7      | Found a blossoming altar of Fedhas.
  6745 | D:8      | Reached skill level 1 in Dodging
  6954 | D:8      | Reached *** piety under Okawaru
  7418 | D:8      | Gained mutation: You have hoof-like feet. [demonic
                  | ancestry]
  7418 | D:8      | Reached XP level 10. HP: 60/72 MP: 12/12
  7436 | D:8      | Found a burning altar of Makhleb.
  7693 | D:9      | Found a staircase to the Orcish Mines.
  7709 | D:9      | Noticed Erica
  7711 | D:9      | Found a basalt altar of Yredelemnul.
  7733 | D:9      | Killed Erica
  7733 | D:9      | Reached **** piety under Okawaru
  7999 | D:9      | Reached skill level 12 in Axes
  8039 | D:9      | Noticed a cyclops
  8049 | D:9      | Killed a cyclops
  8274 | D:9      | Reached skill level 5 in Fighting
  8276 | D:9      | Noticed a centaur warrior
  8285 | D:9      | Killed a centaur warrior
  8285 | D:9      | Reached ***** piety under Okawaru
  8285 | D:9      | Reached skill level 5 in Invocations
  8328 | D:9      | Noticed a six-headed hydra
  8331 | D:9      | Noticed a gargoyle
  8427 | D:9      | Killed a gargoyle
  8429 | D:9      | Noticed Grum
  8444 | D:9      | HP: 1/74 [porcupine (6)]
  8450 | D:9      | Killed Grum
  8451 | D:9      | Slain by a hippogriff

Vault maps used:
D:1:      lemuel_arrival_rhombus
D:2:      nicolae_gozag_cash_rules_everything_around_me
D:3:      lemuel_blue_sif_altar, first_ration, minmay_curled_crystal,
          uniq_jessica
D:4:      kennysheep_opposing_triangles
D:5:      lemuel_doored_altar, minmay_temple_entry_statues_fountains,
          portal_sewer_entry_d, kennysheep_small_spiral, abandoned_shop,
          uniq_crazy_yiuf_cottage
D:6:      uniq_blork_the_orc
D:7:      nicolae_overflow_crystal_walls, serial_undead, serial_undead_c,
          serial_undead_f, serial_undead_b, serial_undead_b
D:8:      bloody_makhleb
D:9:      minmay_the_grid_4x2, kennysheep_mini_moat, lemuel_crystal_altar,
          nicolae_overflow_hidden_temple, grunt_lair_entry_orc_guard_hut,
          grunt_pizzeria, trog_wizard, uniq_grum, uniq_erica
Temple:   minmay_temple_curvy_branch
Sewer:    sewer_minmay_treatment

Skill      XL: |  1  2  3  4  5  6  7  8  9 10 |
---------------+-------------------------------+-----
Axes           | 2 3 4 5 7 8 10 11 12 | 12.4
Invocations    | 3 5 |  5.5
Armour         | 3 4 |  4.8
Dodging        | 2 3 |  3.8
Shields        | 3 4 |  4.8
Fighting       | 4 5 |  5.4

Action                   |  1- 3 |  4- 6 |  7- 9 | 10-12 || total
-------------------------+-------+-------+-------+-------++-------
Melee: War axe           |    99 |   167 |   367 |   137 ||   770
       Kick              |    23 |    45 |   112 |    53 ||   233
  Use: Potion            |       |     1 |       |     6 ||     7
       Scroll            |       |       |    13 |     3 ||    16
  Eat: Chunk             |       |     6 |    10 |     4 ||    20
       Ration            |       |       |     2 |       ||     2
Armor: Scale mail        |    62 |   114 |   132 |    78 ||   386
Dodge: Dodged            |    30 |    54 |   104 |    65 ||   253
Block: Shield            |    44 |    99 |   174 |    80 ||   397

Table legend:
 A = Non-vault XP
 B = Vault XP
 C = Vault XP percentage of total XP
 D = Non-vault monster count
 E = Vault monster count
 F = Vault count percentage of total count
                 A         B        C        D         E       F
            +---------+---------+-------+---------+---------+-------
      Total |    5357 |    5311 |  49.8 |     175 |      82 |  31.9
            +---------+---------+-------+---------+---------+-------
        D:1 |      27 |       0 |   0.0 |      14 |       0 |   0.0
        D:2 |     124 |       0 |   0.0 |      20 |       0 |   0.0
        D:3 |      94 |      37 |  28.2 |      19 |       1 |   5.0
        D:4 |     449 |       4 |   0.9 |      23 |       2 |   8.0
        D:5 |     374 |      52 |  12.2 |       6 |       2 |  25.0
        D:6 |     560 |      96 |  14.6 |      14 |       1 |   6.7
        D:7 |     834 |     558 |  40.1 |      23 |       8 |  25.8
        D:8 |    2003 |       0 |   0.0 |      43 |       0 |   0.0
        D:9 |     892 |    4124 |  82.2 |      13 |      20 |  60.6
      Sewer |       0 |     440 | 100.0 |       0 |      48 | 100.0
            +---------+---------+-------+---------+---------+-------
